 Dungeon Crawl Stone Soup version 0.25.1-2-g60ff931df9 (webtiles) character file.

Game seed: 10140047359863370526

51 DildoBatman the Magician (level 4, -1/30 HPs)
             Began as a Formicid Wizard on Aug 26, 2020.
             Succumbed to a goblin's poison
             ... on level 2 of the Dungeon.
             The game lasted 00:03:48 (1776 turns).

DildoBatman the Magician (Formicid Wizard)          Turns: 1776, Time: 00:03:49

Health: -1/30      AC:  7    Str: 12    XL:     4   Next: 7%
Magic:  4/8        EV: 12    Int: 18    God:
Gold:   88         SH:  0    Dex:  9    Spells: 2/9 levels left

rFire    . . .     SeeInvis +   f - +0 short sword
rCold    . . .     Gourm    .   (no shield)
rNeg     . . .     Faith    .   a - +0 robe
rPois    .         Spirit   .   (helmet unavailable)
rElec    .         Reflect  .   p - scarf {repulsion}
rCorr    .         Harm     .   (no gloves)
MR       .....                  j - +0 pair of boots (curse)
Stlth    +++.......             (no amulet)
HPRegen  0.10/turn              u - ring of stealth
MPRegen  0.11/turn              w - +4 ring of protection

@: lethally poisoned (-1 -> -24), repel missiles
A: permanent stasis, dig shafts and tunnels, four strong arms, antennae 3
a: Dig, Shaft Self


You were on level 2 of the Dungeon.
You were not hungry.

You visited 1 branch of the dungeon, and saw 2 of its levels.

You collected 88 gold pieces.

Inventory:

Hand Weapons
 c - a +0 club
 f - a +0 short sword (weapon)
Missiles
 e - 19 stones (quivered)
 g - 42 bolts
 o - 14 arrows
 q - 21 sling bullets
Armour
 a - a +0 robe (worn)
 j - a cursed +0 pair of boots (worn)
 p - a scarf of repulsion (worn)
Jewellery
 u - a ring of stealth (left hand)
 w - a +4 ring of protection (right hand)
Scrolls
 d - a scroll of noise {unknown}
 h - a scroll of immolation {unknown}
 i - a scroll of enchant weapon {unknown}
 m - a scroll of teleportation {unknown}
 n - 2 scrolls of remove curse {unknown}
 s - a scroll of fear {unknown}
 t - a scroll of fog {unknown}
Potions
 b - 2 potions of cancellation {unknown}
 k - a potion of flight {unknown}
 l - a potion of might {unknown}
Comestibles
 r - a chunk of flesh
 v - 6 rations


   Skills:
 - Level 1.7 Dodging
 - Level 2.4 Stealth
 - Level 3.2 Spellcasting
 * Level 3.2 Conjurations
   Level 1.0 Summonings
   Level 0.8 Translocations


You had 2 spell levels left.
You knew the following spells:

 Your Spells              Type           Power        Failure   Level  Hunger
a - Conjure Flame         Conj/Fire      #.......     24%         3    ###....
c - Magic Dart            Conj           ##..         4%          1    None
e - Mephitic Cloud        Conj/Pois/Air  #.......     30%         3    ###....

Your spell library contained the following spells:

 Spells                   Type           Power        Failure   Level  Hunger
 Call Imp                 Summ           #.......     16%         2    ##.....
 Slow                     Hex            #.......     24%         2    ##.....
 Blink                    Tloc           Unusable     N/A         2    N/A

Dungeon Overview and Level Annotations

Branches:
Dungeon (2/15)

Altars:
Cheibriados
Xom


Innate Abilities, Weirdness & Mutations

You cannot be hasted, slowed, berserked, paralysed or teleported.
You can dig through walls and to a lower floor.
Your four strong arms can wield two-handed weapons with a shield.
You have a pair of large antennae on your head. (SInv)


Message History

You shout for attention!
You feel sick. The goblin closely misses you. What are your orders? t - Shout!
Orders for allies: a - Attack new target. r - Retreat! s - Stop attacking. g - Guard the area. f - Follow me.
Anything else - Cancel.
You shout for attention!
You feel sick. The goblin hits you but does no damage.
What are your orders? t - Shout!
Orders for allies: a - Attack new target. r - Retreat! s - Stop attacking. g - Guard the area. f - Follow me.
Anything else - Cancel.
You shout for attention!
You die...

#.###########..####.....##.......
#.# .........# #.....##.......
#.# #########.# ########.......
#.# #.........### ######## ..#
#...........# ### ###########.#
#.# ##.####### #.@.......
#.g....... +......... #.........
.......... 8.8.8.#.### ........#
.........#


You could see a goblin.

Vanquished Creatures
  An adder (D:2)
  An ooze (D:2)
  A worm (D:2)
  3 dart slugs
  3 giant cockroaches
  2 goblins
  4 hobgoblins
  4 kobolds
  A ball python (D:2)
  4 bats
  2 frilled lizards
  6 rats
32 creatures vanquished.

Notes
Turn   | Place    | Note
-------+----------+-------------------------------------------
     0 | D:1      | DildoBatman the Formicid Wizard began the quest for the
                  | Orb.
     0 | D:1      | Reached XP level 1. HP: 13/13 MP: 4/4
    15 | D:1      | Reached skill level 1 in Conjurations
   177 | D:1      | Reached XP level 2. HP: 19/19 MP: 1/6
   715 | D:1      | Reached XP level 3. HP: 24/24 MP: 3/7
   720 | D:1      | Learned a level 3 spell: Conjure Flame
   724 | D:1      | Learned a level 3 spell: Mephitic Cloud
  1228 | D:2      | Found a snail-covered altar of Cheibriados.
  1387 | D:2      | Found a shimmering altar of Xom.
  1756 | D:2      | Reached XP level 4. HP: 29/30 MP: 2/8
  1775 | D:2      | HP: 1/30 [poisoned by a goblin]
  1776 | D:2      | Succumbed to a goblin's poison

Illustrated notes

Levels and vault maps discovered:
D:1:      minmay_arrival_stone_box, layout_basic, serial_park_tiny_1,
          minmay_tromino_v4_a
D:2:      layout_basic, kennysheep_slug_shrine, marbit_many_paths,
          eat_drink_and_be_merry_uskayaw, first_ration, minmay_hedge_maze

Skill      XL: |  1  2  3 |
---------------+----------+-----
Conjurations   | 1 2 3 |  3.2
Dodging        | |  1.7
Stealth        | |  2.4
Spellcasting   | |  3.2
Summonings     | |  1.0
Translocations | |  0.8

Action                   |  1- 3 |  4- 6 || total
-------------------------+-------+-------++-------
Melee: Club              |    11 |       ||    11
       Unarmed           |     1 |       ||     1
       Short sword       |    38 |     1 ||    39
 Cast: Magic Dart        |    72 |     1 ||    73
       Conjure Flame     |     1 |       ||     1
 Abil: Dig               |     2 |       ||     2
 Stab: Sleeping          |     4 |       ||     4
  Eat: Chunk             |     3 |       ||     3
Armor: Robe              |    10 |     4 ||    14
Dodge: Dodged            |    37 |    11 ||    48
       Repelled          |     1 |       ||     1
